 Dungeon Sprint DCSS version 0.22.1-2-g9c5b331 (webtiles) character file.

3155 diana the Carver (level 9, -3/81 HPs)
             Began as a Demonspawn Gladiator on Dec 22, 2018.
             Was a Priest of Okawaru.
             Slain by an orc warrior
             ... wielding a +0 halberd
              (9 damage)
             ... in the Dungeon (Sprint III: "The Ten Rune Challenge").
             The game lasted 00:05:42 (1911 turns).

diana the Carver (Demonspawn Gladiator)             Turns: 1911, Time: 00:05:42

Health: -3/81      AC:  3    Str: 16    XL:     9   Next: 62%
Magic:  0/9        EV: 24    Int: 10    God:    Okawaru [***...]
Gold:   23         SH:  0    Dex: 18    Spells: 8/8 levels left

rFire    . . .     SeeInvis .   a - +0 long sword
rCold    + . .     Gourm    .   (no shield)
rNeg     . . .     Faith    .   b - +0 leather armour
rPois    .         Spirit   +   (helmet restricted)
rElec    .         Reflect  .   (no cloak)
rCorr    .         Harm     .   (no gloves)
MR       .....     NoTele   +   (no boots)
Stlth    +++.......             (no amulet)
HPRegen  0.23/turn              (no ring)
MPRegen  0.22/turn              (no ring)

@: heroism
A: hooves 1, horns 1, agile 1, cold resistance 1, magic shield, magic
regeneration, no potion heal 1, MP-powered wands
a: Heroism, Renounce Religion


You were in the Dungeon.
You worshipped Okawaru.
Okawaru was most pleased with you.
You were not hungry.

You visited 1 branch You collected 23 gold pieces.

Inventory:

Hand Weapons
 a - a +0 long sword (weapon)
Armour
 b - a +0 leather armour (worn)
 c - a +0 helmet
Wands
 j - a wand of iceblast (7)
Scrolls
 k - a scroll of blinking
 l - 5 scrolls of identify
 m - a scroll of remove curse {unknown}
 o - 2 scrolls of immolation {unknown}
 p - a scroll of random uselessness {unknown}
 r - a scroll of enchant weapon {unknown}
Potions
 i - 2 potions of magic
 q - 3 potions of flight
Miscellaneous
 n - a phantom mirror
Comestibles
 f - 4 rations


   Skills:
 + Level 11.4(16.4) Fighting
 * Level 14.3(19.3) Long Blades
 - Level 1.7(6.7) Throwing
 + Level 10.7(15.7) Dodging


You had 8 spell levels left.
You didn't know any spells.
Your spell library contained the following spells:

 Spells                   Type           Power        Failure   Level  Hunger
 Animate Skeleton         Necr           N/A          41%         1    ##.....
 Apportation              Tloc           #.....       41%         1    ##.....
 Confusing Touch          Hex            #.....       41%         1    ##.....
 Summon Small Mammal      Summ           #...         41%         1    ##.....


Dungeon Overview and Level Annotations

Branches:
Dungeon (1/1)

Altars:
Cheibriados
Dithmenos
Elyvilon
Fedhas
Gozag
Hepliaklqana
Kikubaaqudgha
Makhleb
Nemelex Xobeh
Okawaru
Qazlal
Ru
Sif Muna
Trog
Uskayaw
Vehumet
Wu Jian
Xom
Yredelemnul
Zin
The Shining One
Beogh
Jiyva
Lugonu


Innate Abilities, Weirdness & Mutations

You have large cloven feet.
You have a pair of small horns on your head.
Your flesh is cold resistant. (rC+)
When hurt, damage is shared between your health and your magic reserves.
You regenerate magic rapidly.
You are agile. (Dex +2)
Potions are less effective at restoring your health.
You expend magic power (3 MP) to strengthen your wands.


Message History

You kick the orc warrior, but do no damage.
The orc warrior is severely wounded.
You hit the orc warrior but do no damage.
The orc warrior is severely wounded.
The orc warrior hits you with a trident.
* * * LOW HITPOINT WARNING * * *
You closely miss the orc warrior.
You headbutt the orc warrior, but do no damage.
The orc warrior is severely wounded.
You slash the orc warrior!
You kill the orc warrior!
Okawaru accepts your kill.
You slash the orc warrior!
The orc warrior is moderately wounded.
The orc warrior barely misses you.
You slash the orc warrior!
You kick the orc warrior, but do no damage.
The orc warrior is almost dead.
The orc warrior hits you with a halberd!
You die...

▓...#......#####..#___#___#
▓..##.......#..#..#)..#__.#
▓##.##.##...#..#..###'#)###
##.##.###..##'#..#........
▓#.####[##..###...'.⌠......
▓.###..##..####...#.).#####
▓#.....##..###....#.).#__#.
###÷.##...##.o...#...#__#.
##..##...@#......#)###__#.
#..###..##o#.....#..)#__#.
#..# #..#####....#___#__'.
▓▓▓▓ ▓▓▓▓ ▓▓▓▓▓▓▓▓▓▓▓▓▓▓


You could see an orc warrior.

Vanquished Creatures
  Snorg (D)
  A centaur warrior (D)
  A deep elf mage (D)
  A shadow (D)
  A spatial vortex (D)
  2 orc warriors (D)
  A necrophage (D)
  2 centaurs (D)
  An earth elemental (D)
  A water elemental (D)
  A scorpion (D)
  A jelly (D)
  An orc wizard (D)
  A wizard (D)
  Jessica (D)
  A necromancer (D)
  3 humans (D)
  A kobold demonologist (D)
  3 rats (D)
25 creatures vanquished.

Vanquished Creatures (others)
  2 draconian scorchers (D)
  A fire dragon (D)
  6 hellions (D)
  A yaktaur (D)
  A plant (D)
11 creatures vanquished.

Grand Total: 36 creatures vanquished

Notes
Turn   | Place    | Note
-------+----------+-------------------------------------------
     0 | D        | diana the Demonspawn Gladiator began the quest for the Orb.
     0 | D        | Reached XP level 1. HP: 16/16 MP: 1/1
    18 | D        | Reached skill level 3 in Long Blades
    63 | D        | Killed a yaktaur
   119 | D        | Noticed Jessica
   132 | D        | Killed a hellion
   132 | D        | Killed a hellion
   133 | D        | Killed a hellion
   133 | D        | Killed a hellion
   138 | D        | Killed Jessica
   138 | D        | Reached skill level 4 in Long Blades
   138 | D        | Gained mutation: You have a pair of small horns on your
                  | head. [demonic ancestry]
   138 | D        | Reached XP level 2. HP: 10/24 MP: 2/2
   138 | D        | Killed a hellion
   185 | D        | Killed a white draconian scorcher
   186 | D        | Killed a white draconian scorcher
   220 | D        | Killed a hellion
   339 | D        | Reached skill level 5 in Long Blades
   339 | D        | Gained mutation: You have large cloven feet. [demonic
                  | ancestry]
   339 | D        | Reached XP level 3. HP: 14/30 MP: 3/3
   491 | D        | Noticed a scorpion
   495 | D        | Killed a scorpion
   495 | D        | Reached skill level 6 in Long Blades
   495 | D        | Gained mutation: When hurt, damage is shared between your
                  | health and your magic reserves. [demonic ancestry]
   495 | D        | Reached XP level 4. HP: 27/38 MP: 4/4
   560 | D        | Gained mutation: Your magical capacity is low. (-10% MP)
                  | [potion of mutation]
   560 | D        | Gained mutation: You occasionally shout uncontrollably at
                  | your foes. [potion of mutation]
   560 | D        | Gained mutation: You are agile. (Dex +2) [potion of
                  | mutation]
   561 | D        | Lost mutation: You are agile. (Dex +2) [potion of mutation]
   561 | D        | Lost mutation: Your magical capacity is low. (-10% MP)
                  | [potion of mutation]
   561 | D        | Lost mutation: You occasionally shout uncontrollably at
                  | your foes. [potion of mutation]
   561 | D        | Gained mutation: Scrolls take you a little longer to read.
                  | [potion of mutation]
   561 | D        | Gained mutation: You are resistant to hostile enchantments.
                  | (MR+) [potion of mutation]
   562 | D        | Lost mutation: You are resistant to hostile enchantments.
                  | (MR+) [potion of mutation]
   562 | D        | Lost mutation: Scrolls take you a little longer to read.
                  | [potion of mutation]
   562 | D        | Gained mutation: You have a pair of horns on your head.
                  | [potion of mutation]
   562 | D        | Gained mutation: You can translocate small distances at
                  | will. [potion of mutation]
   563 | D        | Lost mutation: You have a pair of horns on your head.
                  | [potion of mutation]
   563 | D        | Lost mutation: You can translocate small distances at will.
                  | [potion of mutation]
   563 | D        | Gained mutation: You are agile. (Dex +2) [potion of
                  | mutation]
   563 | D        | Gained mutation: Potions are less effective at restoring
                  | your health. [potion of mutation]
   563 | D        | Gained mutation: You expend magic power (3 MP) to
                  | strengthen your wands. [potion of mutation]
   702 | D        | Noticed a water elemental
   709 | D        | Killed a water elemental
   709 | D        | Reached skill level 5 in Fighting
   709 | D        | Reached skill level 7 in Long Blades
   709 | D        | Reached skill level 5 in Dodging
   709 | D        | Gained mutation: Your flesh is cold resistant. (rC+)
                  | [demonic ancestry]
   709 | D        | Reached XP level 5. HP: 19/44 MP: 2/5
   887 | D        | Found a radiant altar of Vehumet.
   887 | D        | Found a deep blue altar of Sif Muna.
   887 | D        | Found an ancient bone altar of Kikubaaqudgha.
   908 | D        | Found a glowing silver altar of Zin.
   908 | D        | Found a glowing golden altar of the Shining One.
   908 | D        | Found a white marble altar of Elyvilon.
   909 | D        | Noticed a deep elf mage
   915 | D        | Killed a deep elf mage
   915 | D        | Reached skill level 10 in Long Blades
   915 | D        | Reached XP level 6. HP: 44/56 MP: 6/6
   915 | D        | Reached XP level 7. HP: 49/62 MP: 7/7
   979 | D        | Found a hide-covered altar of Uskayaw.
   979 | D        | Found a roughly hewn altar of Beogh.
   979 | D        | Found an iron altar of Okawaru.
   979 | D        | Found a bloodstained altar of Trog.
   979 | D        | Found an ornate altar of the Wu Jian Council.
   979 | D        | Noticed a human
   979 | D        | Noticed a human
   991 | D        | Killed a human
   991 | D        | Reached skill level 11 in Long Blades
   992 | D        | Killed a human
   997 | D        | Became a worshipper of Warmaster Okawaru
  1056 | D        | Killed a fire dragon
  1107 | D        | Found a basalt altar of Yredelemnul.
  1107 | D        | Found a shadowy altar of Dithmenos.
  1107 | D        | Found a sacrificial altar of Ru.
  1126 | D        | Noticed a shadow
  1136 | D        | Killed a shadow
  1136 | D        | Reached XP level 8. HP: 57/70 MP: 6/8
  1199 | D        | Found a blossoming altar of Fedhas.
  1199 | D        | Found a stormy altar of Qazlal.
  1199 | D        | Found a snail-covered altar of Cheibriados.
  1199 | D        | Found a burning altar of Makhleb.
  1199 | D        | Found a shimmering altar of Xom.
  1200 | D        | Found a hazy altar of Hepliaklqana.
  1200 | D        | Found an opulent altar of Gozag.
  1200 | D        | Found a sparkling altar of Nemelex Xobeh.
  1200 | D        | Found a corrupted altar of Lugonu.
  1200 | D        | Found a viscous altar of Jiyva.
  1205 | D        | Reached skill level 12 in Long Blades
  1234 | D        | Noticed Snorg
  1282 | D        | Killed Snorg
  1282 | D        | Reached * piety under Okawaru
  1282 | D        | Reached ** piety under Okawaru
  1282 | D        | Reached skill level 10 in Fighting
  1282 | D        | Reached skill level 13 in Long Blades
  1282 | D        | Gained mutation: You regenerate magic rapidly. [demonic
                  | ancestry]
  1282 | D        | Reached XP level 9. HP: 38/79 MP: 3/9
  1481 | D        | Reached skill level 10 in Dodging
  1607 | D        | Noticed a centaur warrior
  1621 | D        | Killed a centaur warrior
  1621 | D        | Reached *** piety under Okawaru
  1621 | D        | Reached skill level 14 in Long Blades
  1911 | D        | Slain by an orc warrior

Skill      XL: |  1  2  3  4  5  6  7  8  9 |
---------------+----------------------------+-----
Long Blades    | 4 5 6 7 10 11 13 14 | 14.3
Fighting       | 3 4 5 8 9 10 11 | 11.4
Dodging        | 3 4 5 7 8 9 10 | 10.7
Throwing       | |  1.7

Action                   |  1- 3 |  4- 6 |  7- 9 || total
-------------------------+-------+-------+-------++-------
Melee: Long sword        |    36 |    18 |   100 ||   154
       Headbutt          |     6 |     9 |    32 ||    47
       Kick              |     1 |     5 |    53 ||    59
       Punch             |       |       |     3 ||     3
Throw: Throwing net      |     1 |       |     3 ||     4
Invok: Heroism           |       |       |     4 ||     4
  Use: Potion            |       |     4 |     5 ||     9
 Stab: Sleeping          |     1 |       |       ||     1
       Held in net/web   |     1 |       |       ||     1
  Eat: Chunk             |       |       |     3 ||     3
Armor: Leather armour    |     4 |       |     3 ||     7
Dodge: Dodged            |    19 |     8 |    70 ||    97
       Rpst.: Long sword |     7 |     2 |    16 ||    25
